[Event "SS Manhem Chess Week 2019 GM and IM tournaments"]
[Site "Molnlycke kulturhus, Biblioteksgatan 2, Molnlycke, Sweden"]
[Date "2019.08.14"]
[Round "7.9"]
[White "Hill, Alistair"]
[Black "Malmstig, Erik"]
[Result "1/2-1/2"]
[TimeControl "90 minutes for 40 moves + 30 minutes for the rest of the game + 30 seconds per move from move one."]
[BlackTitle "FM"]
[WhiteFideId "432407"]
[BlackFideId "1702866"]
[WhiteElo "2224"]
[BlackElo "2335"]

1. c4 e5 2. g3 d6 3. Nc3 c6 4. Bg2 Be7 5. Nf3 f5 6. O-O Nh6 7. d4 e4 8. Ne1 Na6 9. Nc2 Ng4 10.
f3 exf3 11. exf3 Nf6 12. Re1 O-O 13. Bg5 Bd7 14. Qd3 h6 15. Bd2 Rf7 16. Re2 Bf8 17. Rae1 Qb6 18. b3 Nh5 19. Bh3 Qd8 20.
f4 g6 21. b4 Nf6 22. Bg2 Rc8 23. a3 Nc7 1/2-1/2

[Event "SS Manhem Chess Week 2019 GM and IM tournaments"]
[Site "Molnlycke kulturhus, Biblioteksgatan 2, Molnlycke, Sweden"]
[Date "2019.08.14"]
[Round "7.10"]
[White "Renman, Nils-Gustaf"]
[Black "Ornstein, Axel"]
[Result "1-0"]
[TimeControl "90 minutes for 40 moves + 30 minutes for the rest of the game + 30 seconds per move from move one."]
[WhiteTitle "IM"]
[BlackTitle "IM"]
[WhiteFideId "1700367"]
[BlackFideId "1700111"]
[WhiteElo "2346"]
[BlackElo "2311"]

1. d4 Nf6 2. Nf3 e6 3. c4 d5 4. Nc3 c5 5. cxd5 Nxd5 6. e4 Nxc3 7. bxc3 cxd4 8. cxd4 Bb4+ 9. Bd2 Bxd2+ 10. Qxd2 O-O 11. Bc4 b6 12. O-O Bb7 13. Rfe1 Nd7 14. Rad1 Rc8 15. Bb3 Qe7 16. d5 exd5 17. exd5 Qd6 18. Nd4 Qf6 19. Ne6 Rfe8 20.
Ba4 Re7 21. d6 Rxe6 22. Bxd7 Rxe1+ 23. Qxe1 Rd8 24. Qe7 Bd5 25. Ba4 Bxa2 26. Qxa7 1-0

[Event "SS Manhem Chess Week 2019 GM and IM tournaments"]
[Site "Molnlycke kulturhus, Biblioteksgatan 2, Molnlycke, Sweden"]
[Date "2019.08.15"]
[Round "8.1"]
[White "Hector, Jonny"]
[Black "Seo, Jung Min"]
[Result "1/2-1/2"]
[TimeControl "90 minutes for 40 moves + 30 minutes for the rest of the game + 30 seconds per move from move one."]
[WhiteTitle "GM"]
[BlackTitle "FM"]
[WhiteFideId "1700090"]
[BlackFideId "1734687"]
[WhiteElo "2493"]
[BlackElo "2409"]

1. e4 c5 2. Nf3 Nc6 3. Nc3 e5 4.
Bc4 Be7 5. d3 Nf6 6. Ng5 O-O 7. h4 d6 8. Nd5 Nxd5 9. Bxd5 g6 10. f4 exf4 11. Bxf4 Nd4 12. Qd2 Bg4 13. c3 Ne6 14.
Bxb7 Rb8 15. Bd5 Rxb2 16. Qxb2 Nxf4 17. Qd2 Bxg5 18. hxg5 Nxd5 19. exd5 Re8+ 20. Kf1 Re5 21. c4 Rxg5 22.
Kg1 h5 23. Kh2 Bf5 24. Rhf1 Rg4 25. Rf3 Qf6 26. Re1 Kg7 27. Kg1 Qd4+ 28. Qf2 Qf6 29. Re8 Qa1+ 30. Kh2 Qf6 31. Rf4 Rxf4 32.
Qxf4 g5 33. Qf2 h4 34. g4 hxg3+ 35. Kxg3 a6 36. a4 a5 37. Kg2 Bh7 38. Qe3 Qf5 39. Rb8 Qxd3 40. Qxg5+ Bg6 41. Qg4 Qd2+ 42.
Kf1 Qc1+ 43. Kf2 Qd2+ 44. Kf1 Qc1+ 45. Ke2 Qc2+ 1/2-1/2

[Event "SS Manhem Chess Week 2019 GM and IM tournaments"]
[Site "Molnlycke kulturhus, Biblioteksgatan 2, Molnlycke, Sweden"]
[Date "2019.08.15"]
[Round "8.2"]
[White "Haubro, Martin"]
[Black "Blomqvist, Erik"]
[Result "1/2-1/2"]
[TimeControl "90 minutes for 40 moves + 30 minutes for the rest of the game + 30 seconds per move from move one."]
[WhiteTitle "IM"]
[BlackTitle "GM"]
[WhiteFideId "1414291"]
[BlackFideId "1709437"]
[WhiteElo "2374"]
[BlackElo "2507"]

1. e4 c5 2. Nf3 e6 3. d4 cxd4 4. Nxd4 a6 5. Bd3 Bc5 6. Nb3 Ba7 7. O-O Nc6 8. c4 Nf6 9. Nc3 d6 10.
Re1 O-O 11. Be3 e5 12. Bxa7 Rxa7 13. Qd2 Be6 14. Be2 Qb8 15. Rac1 Rd8 16. Red1 b6 17. h3 h6 18. Kh2 b5 19.
cxb5 axb5 20. Nxb5 Rxa2 21. Rxc6 Bxb3 22. Rdc1 Be6 23. Qe3 Rxb2 24. Rb6 Qa8 25. Nxd6 Qa2 26. Bc4 Bxc4 27. Rxb2 Qxb2 28.
Nxc4 Qb8 29. Na5 Qb2 30. Nc4 Qb5 31. Qg3 Nxe4 32. Qxe5 Qxe5+ 33. Nxe5 Nxf2 34. Nxf7 Kxf7 35. Rf1 Rd2 36.
Kg3 1/2-1/2

[Event "SS Manhem Chess Week 2019 GM and IM tournaments"]
[Site "Molnlycke kulturhus, Biblioteksgatan 2, Molnlycke, Sweden"]
[Date "2019.08.15"]
[Round "8.3"]
[White "Lindgren, Philip"]
[Black "Vypkhaniuk, Ihor"]
[Result "1/2-1/2"]
[TimeControl "90 minutes for 40 moves + 30 minutes for the rest of the game + 30 seconds per move from move one."]
[WhiteTitle "IM"]
[BlackTitle "FM"]
[WhiteFideId "1713230"]
[BlackFideId "14112256"]
[WhiteElo "2362"]
[BlackElo "2405"]

1. c4 c5 2. Nc3 g6 3. g3 Bg7 4. Bg2 Nc6 5. e3 e6 6. Nge2 Nge7 7. d4 cxd4 8. exd4 d5 9. cxd5 Nxd5 10.
Nxd5 exd5 11. Be3 O-O 12. Qd2 Bf5 13. Nc3 Be6 14. O-O Rc8 15. Rfd1 Re8 16. Rac1 Bf8 17. Bh6 Be7 18. h4 Qd7 19.
Qf4 Red8 20. Bf3 Qd6 21. Qe3 Re8 22. Bf4 Qd7 23. Bg5 f6 24. Bh6 Bf7 25. Qf4 f5 26. Bg5 Bf8 27. Bf6 Bd6 28.
Qd2 Bf8 29. h5 Qd6 30. hxg6 hxg6 31. Qg5 Bg7 32. Bxg7 Kxg7 33. Kg2 Rcd8 34. Rh1 Rh8 35. Ne2 Qf6 36. Qxf6+ Kxf6 37. Rxh8 Rxh8 38. Rc5 1/2-1/2

[Event "SS Manhem Chess Week 2019 GM and IM tournaments"]
[Site "Molnlycke kulturhus, Biblioteksgatan 2, Molnlycke, Sweden"]
[Date "2019.08.15"]
[Round "8.4"]
[White "Wiedenkeller, Michael"]
[Black "Ahlander, Bjorn"]
[Result "0-1"]
[TimeControl "90 minutes for 40 moves + 30 minutes for the rest of the game + 30 seconds per move from move one."]
[WhiteTitle "IM"]
[BlackTitle "IM"]
[WhiteFideId "1700146"]
[BlackFideId "1700251"]
[WhiteElo "2456"]
[BlackElo "2390"]

1. d4 Nf6 2. c4 e6 3. Nc3 Bb4 4. Qc2 d5 5. a3 Bxc3+ 6. Qxc3 dxc4 7. Qxc4 b6 8. Nf3 O-O 9. Bf4 Nd5 10.
Bg3 Ba6 11. Qc2 c5 12. e4 Bxf1 13. Rxf1 Nf6 14. O-O-O Nbd7 15. d5 Re8 16. dxe6 fxe6 17. Rd6 Qe7 18. Rfd1 Nf8 19. Kb1 Rac8 20.
Bh4 Qb7 21. Bxf6 gxf6 22. Ka1 b5 23. e5 f5 24. Qd2 Rc7 25. Qa5 b4 26. Rd8 bxa3 27. Qxa3 Rxd8 28. Rxd8 Rd7 29. Rxd7 Nxd7 30.
Qd3 Qc6 31. Qc4 h6 32. Kb1 Kf7 33. Kc2 Nb6 34. Qh4 Nd5 35. b3 Qa6 36. Nd2 Qa1 37. Nc4 Nb4+ 38. Kd2 Qa2+ 39. Ke1 Qb1+ 40.
Ke2 Qd3+ 0-1

[Event "SS Manhem Chess Week 2019 GM and IM tournaments"]
[Site "Molnlycke kulturhus, Biblioteksgatan 2, Molnlycke, Sweden"]
[Date "2019.08.15"]
[Round "8.6"]
[White "Jacobsen, Mikkel Manosri"]
[Black "Malmstig, Erik"]
[Result "1/2-1/2"]
[TimeControl "90 minutes for 40 moves + 30 minutes for the rest of the game + 30 seconds per move from move one."]
[WhiteTitle "FM"]
[BlackTitle "FM"]
[WhiteFideId "1444514"]
[BlackFideId "1702866"]
[WhiteElo "2269"]
[BlackElo "2335"]

1. Nf3 d6 2. e3 g6 3. c4 e5 4. Nc3 Bg7 5. Be2 Ne7 6. b3 O-O 7. Bb2 f5 8. d3 c6 9. h4 h6 10.
Qc2 Be6 11. b4 Nd7 12. a4 a5 13. b5 d5 14. d4 e4 15. Nd2 f4 16. Nf1 Qe8 17. bxc6 bxc6 18. cxd5 cxd5 19. Nb5 Qf7 20.
Nd6 Qf6 21. Bb5 Nb6 22. Qd2 Bd7 23. Ba3 Bxb5 24. axb5 Rad8 25. exf4 Rxd6 26. Bxd6 Qxd6 27. Ne3 a4 28. g3 Rc8 29.
O-O Nc4 30. Nxc4 Rxc4 31. Qa5 Bxd4 32. Rxa4 Bb6 33. Qa8+ Rc8 34. Qb7 Rb8 35. Ra8 Rxa8 36. Qxa8+ Kg7 37. Kg2 h5 38. Rc1 Qe6 39.
Qb7 Kf6 40. Rc3 Qd6 41. Rc6 Nxc6 42. Qxb6 d4 43. bxc6 d3 44. Qb2+ Ke7 45. Qb7+ Kd8 46. Qa8+ Kc7 47. Qb7+ Kd8 48.
Qb4 1/2-1/2

[Event "SS Manhem Chess Week 2019 GM and IM tournaments"]
[Site "Molnlycke kulturhus, Biblioteksgatan 2, Molnlycke, Sweden"]
[Date "2019.08.15"]
[Round "8.7"]
[White "Borsuk, Konstantin"]
[Black "Pham, Bich Ngoc"]
[Result "1-0"]
[TimeControl "90 minutes for 40 moves + 30 minutes for the rest of the game + 30 seconds per move from move one."]
[WhiteTitle "FM"]
[BlackTitle "WIM"]
[WhiteFideId "14113406"]
[BlackFideId "12401285"]
[WhiteElo "2372"]
[BlackElo "2176"]

1. d4 f5 2. g3 Nf6 3. Bg2 g6 4. Nf3 Bg7 5. O-O O-O 6. c4 d6 7. Nc3 c6 8. Qb3 Na6 9. Qa3 Ne4 10.
Rd1 Be6 11. d5 Nxc3 12. bxc3 cxd5 13. Ng5 Nc7 14. Nxe6 Nxe6 15. Bxd5 Qd7 16. Rb1 Rfb8 17. c5 dxc5 18. Bf4 Rd8 19.
Qb3 Kf7 20. Bxb7 c4 21. Qc2 Qe8 22. Bxa8 Rxa8 23. Be3 Qc6 24. Qb2 Rc8 25. Bxa7 Ng5 26. f3 Qe6 27. Qd2 Bf6 28. h4 Qa6 29.
hxg5 Qxa7+ 30. Kg2 Bg7 31. Qd5+ Kf8 32. Qe6 Re8 33. Rd7 Qc5 34. Rb4 Bxc3 35. Rxc4 Qa3 36. Rd3 Qxa2 37. Rdxc3 1-0

[Event "SS Manhem Chess Week 2019 GM and IM tournaments"]
[Site "Molnlycke kulturhus, Biblioteksgatan 2, Molnlycke, Sweden"]
[Date "2019.08.15"]
[Round "8.8"]
[White "Fries-Nielsen, Jens Ove"]
[Black "Rydstrom, Tom"]
[Result "1-0"]
[TimeControl "90 minutes for 40 moves + 30 minutes for the rest of the game + 30 seconds per move from move one."]
[WhiteTitle "IM"]
[BlackTitle "FM"]
[WhiteFideId "1400142"]
[BlackFideId "1714830"]
[WhiteElo "2351"]
[BlackElo "2314"]

1. d4 d5 2. b3 Nf6 3. Ba3 g6 4. e3 Bg7 5. Nf3 O-O 6. c4 c6 7. Bd3 Re8 8. O-O Bg4 9. Nbd2 Nbd7 10.
cxd5 cxd5 11. Qb1 e5 12. dxe5 Ne4 13. Nxe4 dxe4 14. Bxe4 Nxe5 15. Nd4 f5 16. Bxb7 Rb8 17. Bc6 f4 18.
Bxe8 f3 19. Bc6 Qg5 20. Bd5+ Kh8 21. Qe4 Re8 22. Qf4 Qh5 23. Bxf3 g5 24. Qg3 Bxf3 25. gxf3 1-0

[Event "SS Manhem Chess Week 2019 GM and IM tournaments"]
[Site "Molnlycke kulturhus, Biblioteksgatan 2, Molnlycke, Sweden"]
[Date "2019.08.15"]
[Round "8.9"]
[White "Ornstein, Axel"]
[Black "Hill, Alistair"]
[Result "1/2-1/2"]
[TimeControl "90 minutes for 40 moves + 30 minutes for the rest of the game + 30 seconds per move from move one."]
[WhiteTitle "IM"]
[WhiteFideId "1700111"]
[BlackFideId "432407"]
[WhiteElo "2311"]
[BlackElo "2224"]

1. d4 Nf6 2. c4 g6 3. g3 Bg7 4. Bg2 O-O 5. Nc3 d6 6. Nf3 c5 7. dxc5 dxc5 8. Qxd8 Rxd8 9. Be3 Nc6 10.
Bxc5 Be6 11. Nd2 Rac8 12. Bxc6 Rxc6 13. Bxe7 Rd7 14. Bxf6 Bxf6 15. O-O-O Bxc3 16. bxc3 Rdc7 17. Kb2 Rb6+ 18.
Kc2 Ra6 19. Ra1 Bd7 20. Rhb1 Ba4+ 21. Kc1 b5 22. a3 Re6 23. e3 f5 24. Rb4 Rd6 25. Nb3 Bxb3 26. Rxb3 Rcd7 27. Rab1 bxc4 28.
Rb8+ 1/2-1/2

[Event "SS Manhem Chess Week 2019 GM and IM tournaments"]
[Site "Molnlycke kulturhus, Biblioteksgatan 2, Molnlycke, Sweden"]
[Date "2019.08.15"]
[Round "8.10"]
[White "Kucuksari, Kaan"]
[Black "Renman, Nils-Gustaf"]
[Result "1-0"]
[TimeControl "90 minutes for 40 moves + 30 minutes for the rest of the game + 30 seconds per move from move one."]
[WhiteTitle "FM"]
[BlackTitle "IM"]
[WhiteFideId "6380166"]
[BlackFideId "1700367"]
[WhiteElo "2286"]
[BlackElo "2346"]

1. d4 d5 2. Nf3 Nf6 3. c4 c6 4.
Qc2 dxc4 5. e4 b5 6. b3 cxb3 7. axb3 e6 8. Bd2 Bb7 9. Ba5 Qc8 10. Bd3 Na6 11. Qd2 Be7 12. O-O O-O 13.
b4 Nd7 14. Rc1 Qb8 15. Na3 Rc8 16. e5 Nb6 17. Ng5 h6 18. Ne4 Nd5 19. Nc2 Rf8 20. Re1 Qe8 21. Ra3 Qd7 22. Qe2 f5 23.
exf6 Bxf6 24. Qg4 Rae8 25. Qg6 Qf7 26. Qxf7+ Rxf7 27. Nd6 Ree7 28. Bd8 Rd7 29. Nxb7 Bxd8 30. Nxd8 Rxd8 1-0

[Event "SS Manhem Chess Week 2019 GM and IM tournaments"]
[Site "Molnlycke kulturhus, Biblioteksgatan 2, Molnlycke, Sweden"]
[Date "2019.08.16"]
[Round "9.1"]
[White "Seo, Jung Min"]
[Black "Haubro, Martin"]
[Result "1/2-1/2"]
[TimeControl "90 minutes for 40 moves + 30 minutes for the rest of the game + 30 seconds per move from move one."]
[WhiteTitle "FM"]
[BlackTitle "IM"]
[WhiteFideId "1734687"]
[BlackFideId "1414291"]
[WhiteElo "2409"]
[BlackElo "2374"]

1. e4 e5 2. Nf3 Nc6 3. Bb5 Nf6 4. d3 Bc5 5. c3 O-O 6. O-O Re8 7. Nbd2 a6 8. Ba4 b5 9. Bc2 d6 10.
h3 Bb6 11. Re1 h6 12. Nf1 d5 13. Qe2 Be6 14. Rd1 Qd7 15. Ng3 d4 16. Kh2 a5 1/2-1/2

[Event "SS Manhem Chess Week 2019 GM and IM tournaments"]
[Site "Molnlycke kulturhus, Biblioteksgatan 2, Molnlycke, Sweden"]
[Date "2019.08.16"]
[Round "9.2"]
[White "Blomqvist, Erik"]
[Black "Wiedenkeller, Michael"]
[Result "1/2-1/2"]
[TimeControl "90 minutes for 40 moves + 30 minutes for the rest of the game + 30 seconds per move from move one."]
[WhiteTitle "GM"]
[BlackTitle "IM"]
[WhiteFideId "1709437"]
[BlackFideId "1700146"]
[WhiteElo "2507"]
[BlackElo "2456"]

1. e4 e6 2. d4 d5 3. e5 c5 4. c3 Nc6 5. Nf3 Qb6 6. a3 Bd7 7. b4 cxd4 8. cxd4 Rc8 9. Be3 Nh6 10.
Bd3 Ng4 11. O-O Be7 12. Qe1 Nxe3 13. fxe3 O-O 14. Nc3 Nb8 15. e4 dxe4 16. Nxe4 Bb5 17. Qe2 Bxd3 18. Qxd3 h6 19. Rac1 Nc6 20.
Kh1 Rcd8 21. Rcd1 Rd7 1/2-1/2

[Event "SS Manhem Chess Week 2019 GM and IM tournaments"]
[Site "Molnlycke kulturhus, Biblioteksgatan 2, Molnlycke, Sweden"]
[Date "2019.08.16"]
[Round "9.4"]
[White "Urkedal, Frode Olav Olsen"]
[Black "Hector, Jonny"]
[Result "1-0"]
[TimeControl "90 minutes for 40 moves + 30 minutes for the rest of the game + 30 seconds per move from move one."]
[WhiteTitle "GM"]
[BlackTitle "GM"]
[WhiteFideId "1506102"]
[BlackFideId "1700090"]
[WhiteElo "2566"]
[BlackElo "2493"]

1. d4 d5 2. c4 c6 3. cxd5 cxd5 4. Nc3 Nf6 5. Bf4 Nc6 6. e3 Bf5 7. Qb3 Na5 8. Qa4+ Bd7 9. Qc2 e6 10.
Nf3 Rc8 11. Bd3 Nc6 12. a3 Nh5 13. Bg5 Be7 14. Bxe7 Qxe7 15. O-O Nf6 16. Rfc1 O-O 17. Qb3 Rfd8 18. h3 Na5 19. Qa2 Nc4 20.
Rc2 Nd6 21. Rac1 Nfe4 22. Bxe4 dxe4 23. Nd2 f5 24. Qb3 Kh8 25. Qb4 Rc6 26. Ne2 Qe8 27. Rxc6 Bxc6 28. Qa5 Bb5 29. Nc3 Rc8 30.
Qxa7 Qd8 31. Na2 Rxc1+ 32. Nxc1 b6 33. Na2 g5 34. Nc3 Bc6 35. a4 f4 36. a5 fxe3 37. fxe3 g4 38. Qxb6 Qxb6 39.
axb6 gxh3 40. gxh3 Kg7 41. b3 Kf6 42. Nc4 Ke7 43. Na4 1-0

[Event "SS Manhem Chess Week 2019 GM and IM tournaments"]
[Site "Molnlycke kulturhus, Biblioteksgatan 2, Molnlycke, Sweden"]
[Date "2019.08.16"]
[Round "9.5"]
[White "Ahlander, Bjorn"]
[Black "Lindgren, Philip"]
[Result "1-0"]
[TimeControl "90 minutes for 40 moves + 30 minutes for the rest of the game + 30 seconds per move from move one."]
[WhiteTitle "IM"]
[BlackTitle "IM"]
[WhiteFideId "1700251"]
[BlackFideId "1713230"]
[WhiteElo "2390"]
[BlackElo "2362"]

1. d4 Nf6 2. c4 e6 3. Nc3 Bb4 4. e3 O-O 5. Bd3 d5 6. Nf3 c5 7. O-O cxd4 8. exd4 dxc4 9. Bxc4 b6 10.
Bg5 Bb7 11. Ne5 Be7 12. Qb3 Nc6 13. Bxe6 Nxd4 14. Bxf7+ Kh8 15. Qd1 Bc5 16. Bc4 b5 17. Nf7+ Rxf7 18. Bxf7 Qd7 19. Bxf6 gxf6 20.
Qh5 b4 21. Nd5 Rf8 22. Qxh7+ Kxh7 23. Nxf6+ Kh8 24. Nxd7 Rxf7 25. Nxc5 Nf3+ 26. Kh1 Bc6 27. Rad1 1-0

[Event "SS Manhem Chess Week 2019 GM and IM tournaments"]
[Site "Molnlycke kulturhus, Biblioteksgatan 2, Molnlycke, Sweden"]
[Date "2019.08.16"]
[Round "9.6"]
[White "Rydstrom, Tom"]
[Black "Borsuk, Konstantin"]
[Result "1-0"]
[TimeControl "90 minutes for 40 moves + 30 minutes for the rest of the game + 30 seconds per move from move one."]
[WhiteTitle "FM"]
[BlackTitle "FM"]
[WhiteFideId "1714830"]
[BlackFideId "14113406"]
[WhiteElo "2314"]
[BlackElo "2372"]

1. e4 e6 2. d4 d5 3. Nc3 Bb4 4. e5 b6 5. Qg4 Bf8 6. Nf3 Qd7 7. h4 Ba6 8. Bxa6 Nxa6 9. O-O h5 10.
Qf4 Nh6 11. a4 Nb4 12. Qd2 a6 13. Ne2 c5 14. c3 Nc6 15. Ng3 Ng4 16. Qe2 c4 17. Bg5 g6 18. Nd2 Rc8 19. b3 b5 20.
axb5 axb5 21. bxc4 bxc4 22. Rfb1 Bg7 23. Ngf1 O-O 24. f3 Ngxe5 25. dxe5 Nxe5 26. Be3 Nd3 27. Bd4 e5 28. Bf2 Ra8 29.
Ne3 f5 30. Nc2 Bf6 31. Ne1 Nxf2 32. Qxf2 Rxa1 33. Rxa1 e4 34. fxe4 fxe4 35. Qg3 Qf5 36. Nc2 Be5 37. Qe3 Bf4 38. Qd4 Qe5 39. Qxe5 Bxe5 40. Nd4 Bg3 41.
Nf1 Bf2+ 42. Kh2 Rb8 43. Ra2 Be1 44. Rc2 Bxh4 45. Ne3 Bf6 46. Nxd5 Bxd4 47. cxd4 Rd8 48. Nf4 Rxd4 49. Nxg6 e3 50.
Ne5 Re4 51. Nf3 Kg7 52. Kg1 h4 53. Kf1 Kh6 54. Ke2 Kh5 55. Nh2 Kg5 56. Rc1 Kf4 57. Nf1 Ke5 58. Nxe3 h3 59. gxh3 Rh4 60.
Rh1 Ke4 61. Nxc4 Kf4 62. Kf2 Rh8 63. Ne3 Ra8 64. Ng2+ Ke4 65. Re1+ Kf5 66. Kf3 Rh8 67. h4 Ra8 68. Rd1 Ra3+ 69.
Ne3+ Kg6 70. Rd5 Kh6 1-0

[Event "SS Manhem Chess Week 2019 GM and IM tournaments"]
[Site "Molnlycke kulturhus, Biblioteksgatan 2, Molnlycke, Sweden"]
[Date "2019.08.16"]
[Round "9.7"]
[White "Pham, Bich Ngoc"]
[Black "Jacobsen, Mikkel Manosri"]
[Result "1-0"]
[TimeControl "90 minutes for 40 moves + 30 minutes for the rest of the game + 30 seconds per move from move one."]
[WhiteTitle "WIM"]
[BlackTitle "FM"]
[WhiteFideId "12401285"]
[BlackFideId "1444514"]
[WhiteElo "2176"]
[BlackElo "2269"]

1. f4 Nf6 2. Nf3 g6 3. g3 Bg7 4. Bg2 O-O 5. d3 c5 6. e4 d6 7. O-O Nc6 8. c3 Qc7 9. Qe2 Rb8 10.
a4 a6 11. Na3 b5 12. axb5 axb5 13. Bd2 Nd7 14. f5 Nde5 15. Nxe5 Nxe5 16. g4 b4 17. Nc4 Bd7 18. Nxe5 Bxe5 19.
Rf3 bxc3 20. bxc3 Rb2 21. Qe3 Rfb8 22. Raf1 Be8 23. Rh3 Bg7 24. g5 Rc2 25. Qf4 Rbb2 26. Rf2 Be5 27. Qh4 Rxd2 28.
Qxh7+ Kf8 29. f6 exf6 30. gxf6 Bxf6 31. Rxd2 Rb1+ 32. Bf1 Bxc3 33. Ra2 Bd4+ 34. Kg2 Qb7 35. Rf3 Rb2+ 36. Rxb2 Qxb2+ 37. Kh1 Ke7 38. Qh4+ f6 39. Qg4 Bf7 40. Qg2 Qb1 41. Qe2 Be6 42. h3 Bb3 43. Rg3 Bd1 44. Qg2 Bh5 45. Rg4 Qd1 46.
Qe2 Qc1 47. Kg2 Be5 48. Qf2 Bxg4 49. hxg4 Qh6 50. Be2 Bd4 51. Qg3 Qd2 52. Qf3 Ke6 53. Kf1 Be3 54. Qg3 Bf4 55. Qe1 Qb2 56.
Qa5 Ke5 57. Qa4 Be3 58. Qd1 Kf4 59. Kg2 Bd4 60. Qf1+ Kg5 61. Qe1 Be3 62. Kh3 Kh6 63. Qh4+ Kg7 64. Qe1 Bf4 65. Kg2 Qc2 66.
Qd1 Qc3 67. Kf1 Qa3 68. Qc2 Kh6 69. Kg2 Kg5 70. Kh3 Qa1 71. Qd1 Qc3 72. Bf3 Qb2 73. Qe2 Qc3 74. Qf2 Kh6 75. Qe2 Bd2 76.
Kg2 Kg5 77. Kh3 Kf4 78. Bh1 Ke5 79. Bg2 Kd4 80. e5 f5 81. gxf5 gxf5 82. e6 Bg5 83. Be4 Ke5 84. Qf3 f4 85.
Qh5 Kxe6 86. Qxg5 Qe5 87. Qh6+ Qf6 88. Qh5 Ke7 89. Qh7+ Kd8 90. Bf5 Ke8 91. Kg4 Qe5 92. Qd7+ Kf8 93.
Qe6 Qe3 94. Qxe3 fxe3 95. Kf3 Ke7 96.
Kxe3 d5 97. Kf4 Kd6 98. Bh7 c4 99. d4 Ke6 100. Bg8+ Kd6 101. Bf7 Kc6 102. Ke5 c3 103. Bxd5+ Kb5 104. Bb3 Kb4 105.
Bc2 Ka3 106. d5 Kb2 107. Bd3 Kc1 108. d6 Kd2 109. Be4 Ke3 110. d7 c2 111. Bxc2 Kd2 112. Be4 Ke3 113. d8=Q Ke2 114. Qd3+ Ke1 115.
Bf3 Kf2 116. Qe2+ Kg3 117. Qg2+ Kh4 118. Qg4+ 1-0

[Event "SS Manhem Chess Week 2019 GM and IM tournaments"]
[Site "Molnlycke kulturhus, Biblioteksgatan 2, Molnlycke, Sweden"]
[Date "2019.08.16"]
[Round "9.9"]
[White "Malmstig, Erik"]
[Black "Ornstein, Axel"]
[Result "1/2-1/2"]
[TimeControl "90 minutes for 40 moves + 30 minutes for the rest of the game + 30 seconds per move from move one."]
[WhiteTitle "FM"]
[BlackTitle "IM"]
[WhiteFideId "1702866"]
[BlackFideId "1700111"]
[WhiteElo "2335"]
[BlackElo "2311"]

1. d4 d5 2. c4 e6 3. Nc3 Nf6 4. cxd5 exd5 5. Bg5 c6 6. Qc2 Nbd7 7. e3 h6 8. Bh4 g5 9. Bg3 Nh5 10.
Nge2 Nxg3 11. Nxg3 Nf6 12. Bd3 Be6 13. O-O-O Qa5 14. h4 g4 15. Bf5 O-O-O 16. Bxe6+ fxe6 17. Qg6 Be7 18.
Qf7 Kd7 19. Nh5 Nxh5 20. Qxh5 Rdg8 21. Kb1 Qd8 22. Ne2 Qe8 1/2-1/2

[Event "SS Manhem Chess Week 2019 GM and IM tournaments"]
[Site "Molnlycke kulturhus, Biblioteksgatan 2, Molnlycke, Sweden"]
[Date "2019.08.16"]
[Round "9.10"]
[White "Hill, Alistair"]
[Black "Kucuksari, Kaan"]
[Result "0-1"]
[TimeControl "90 minutes for 40 moves + 30 minutes for the rest of the game + 30 seconds per move from move one."]
[BlackTitle "FM"]
[WhiteFideId "432407"]
[BlackFideId "6380166"]
[WhiteElo "2224"]
[BlackElo "2286"]

1. Nf3 d5 2. g3 Nf6 3. Bg2 e6 4. O-O Be7 5. c4 O-O 6. b3 c5 7. cxd5 Nxd5 8. Bb2 Nc6 9. d4 Bf6 10.
e4 Ndb4 11. a3 Na6 12. e5 Be7 13. Qc2 cxd4 14. Rd1 Qc7 15. Qe2 Nc5 16. Nbd2 Rd8 17. Rac1 a5 18. Rc4 b5 19. Nxd4 bxc4 20.
Nxc6 Bb7 21. Nxd8 Bxg2 22. Kxg2 cxb3 23. Nxb3 Nxb3 24. Qb5 Nc5 25. Nc6 Bf8 26. Bd4 Nb3 27. Bb6 Qb7 28. Kh3 h5 29.
a4 Ra6 30. Nd8 Qxb6 31. Qe8 Ra7 32. Nc6 Rb7 33. Rd8 Qc5 34. Ra8 Rc7 35. Nd8 g5 36. Rc8 g4+ 37. Kg2 Qd5+ 38. Kg1 Qd1+ 39.
Kg2 Qf3+ 40. Kg1 Rxc8 0-1